 Dungeon Crawl Stone Soup version 0.31-a0-210-gccc998df9b (webtiles) character file.

Game seed: 15915677834248819387

29927 qw the Marksminotaur (level 13, -2/116 HPs)
             Began as a Minotaur Hexslinger on June 29, 2023.
             Was an Elder of Okawaru.
             Slain by a seven-headed hydra (8 damage)
             ... on level 4 of the Lair of Beasts.
             The game lasted 00:05:55 (13158 turns).

qw the Marksminotaur (Minotaur Hexslinger)         Turns: 13158, Time: 00:05:55

Health: -2/116     AC:  9    Str: 13    XL:     13   Next: 17%
Magic:  19/19      EV: 29    Int: 10    God:    Okawaru [****..]
Gold:   594        SH:  0    Dex: 24    Spells: 13/14 levels left

rFire   + . .        m - +5 triple crossbow (flame)
rCold   . . .        (shield currently unavailable)
rNeg    . . .        p - +3 leather armour {rF+}
rPois   .            (helmet restricted)
rElec   .            (no cloak)
rCorr   .            i - +1 pair of gloves
SInv    .            (no boots)
Will    .....        j - amulet of faith
Stlth   +++          k - +6 ring of dexterity
HPRegen 0.39/turn    n - +5 ring of evasion
MPRegen 0.16/turn

%: faith
@: heroic
A: horns 2, retaliatory headbutt
a: Renounce Religion, Heroism, Finesse


You were on level 4 of the Lair of Beasts.
You worshipped Okawaru.
Okawaru was greatly pleased with you.
You visited 3 branches of the dungeon, and saw 14 of its levels.
You also visited: Gauntlet.

You collected 594 gold pieces.


Innate Abilities, Weirdness & Mutations

You have a pair of horns on your head.
You reflexively headbutt those who attack you in melee.


   Skills:
 - Level 11.1(16.1) Fighting
 - Level 17.0(22.0) Ranged Weapons
 - Level 3.1(8.1) Armour
 + Level 9.9(14.9) Dodging
 - Level 1.0 Spellcasting
 - Level 2.0 Hexes
 - Level 10.1 Invocations


You had 13 spell levels left.
You knew the following spells:

 Your Spells              Type           Power      Damage    Failure   Level
a - Slow                  Hex            16%        N/A       19%         1

Your spell library contained the following spells:

 Spells                   Type           Power      Damage    Failure   Level
 Inner Flame              Hex/Fire       2%         N/A       63%         3
 Portal Projectile        Hex/Tloc       4%         N/A       63%         3
 Cause Fear               Hex            2%         N/A       88%         4

Inventory:

Hand Weapons
 m - a +5 triple crossbow of flaming (weapon)
Armour
 i - a +1 pair of gloves (worn)
 p - a +3 leather armour of fire resistance (worn)
Jewellery
 j - an amulet of faith (around neck)
 k - a +6 ring of dexterity (left hand)
 n - a +5 ring of evasion (right hand)
 r - an amulet of reflection
Scrolls
 b - 4 scrolls of teleportation
 f - a scroll of identify
Potions
 c - 2 potions of cancellation
 d - a potion of might
 g - a potion of enlightenment
 h - 2 potions of heal wounds
 l - a potion of curing

Dungeon Overview and Level Annotations

Branches:
Dungeon (8/15)             Temple (1/1) D:7            Lair (5/5) D:8
  Swamp (0/4) Lair:2        Snake (0/4) Lair:3      Gauntlet (visited)
  Slime: Lair:4-5

Altars:
Ashenzari
Cheibriados
Dithmenos
Elyvilon
Fedhas
Gozag
Hepliaklqana
Kikubaaqudgha
Makhleb
Nemelex Xobeh
Okawaru
Qazlal
Ru
Trog
Uskayaw
Vehumet
Wu Jian
Xom
Yredelemnul
Zin
The Shining One

Annotations:
Lair:1 1 runed translucent door, qw's ghost, novice GrFi


Message History

The seven-headed hydra completely misses you.
The seven-headed hydra barely misses you.
The seven-headed hydra completely misses you.
The komodo dragon completely misses you.
The wolf completely misses you. The wolf misses you. You furiously retaliate!
You headbutt the wolf! You shoot a bolt. The bolt completely misses the wolf.
The wolf completely misses you. The wolf misses you. You furiously retaliate!
You headbutt the wolf, but do no damage.
The wolf completely misses you. You furiously retaliate!
You headbutt the wolf!
You kill the wolf!
Okawaru accepts your kill. The wolf misses you.
The seven-headed hydra misses you. The seven-headed hydra bites you.
The seven-headed hydra completely misses you.
The seven-headed hydra bites you but does no damage.
The seven-headed hydra closely misses you.
The seven-headed hydra misses you.
The seven-headed hydra completely misses you.
The komodo dragon completely misses you.
You furiously retaliate!
You headbutt the komodo dragon, but do no damage.
The wolf completely misses you. You furiously retaliate!
You headbutt the wolf. You shoot a bolt. The bolt misses the wolf.
The wolf closely misses you. The wolf misses you.
The wolf completely misses you. You furiously retaliate!
You headbutt the wolf! The komodo dragon misses you. You furiously retaliate!
You headbutt the komodo dragon. The seven-headed hydra misses you. x2
The seven-headed hydra completely misses you.
The seven-headed hydra bites you but does no damage.
The seven-headed hydra barely misses you.
The seven-headed hydra misses you. x2; The wolf bites you but does no damage.
You shoot a bolt. The bolt hits the wolf!!!
The bolt burns the wolf.
You kill the wolf!
Okawaru accepts your kill. The wolf completely misses you.
The komodo dragon bites you!! The seven-headed hydra bites you!
The seven-headed hydra closely misses you.
The seven-headed hydra bites you!
You die...

#.....###.........##..##
#......##...#.....###..#
##.#...##....###.## #.##
##..#..##...####.####..#
#..#..#......##...##..P#
.......................#
......................##
................Dl....#
................@F....#
...............h%[....##
...'.###...#.######....#
#...## #...#######....P#
.....###...# #........P#
......#P...###.....PP.##
.....###....##...#PPP.###
#.#.## #.....#...##P..#.#
########..........##...##


You could see a seven-headed hydra, a komodo dragon, a blink frog and a wolf.

Vanquished Creatures
  Rupert (Lair:3)
  A minotaur (Gauntlet)
  Snorg (Lair:3)
  A catoblepas (Lair:1)
  A hell hog (Gauntlet)
  6 death yaks
  A skyshark (Lair:3)
  2 black mambas
  3 elephants (Gauntlet)
  An eye of devastation (Gauntlet)
  4 torpor snails
  8 cane toads
  4 komodo dragons
  3 rime drakes (Lair:3)
  A tyrant leech (Lair:2)
  2 polar bears
  Grinder (D:3)
  11 dream sheep
  13 blink frogs
  A wyvern (Lair:2)
  17 yaks
  4 basilisks
  2 fire bats (Gauntlet)
  2 golden eyes (Gauntlet)
  4 swamp worms (Lair:2)
  2 nagas (Lair:3)
  A hell hound (Gauntlet)
  8 water moccasins
  An orc warrior (D:8)
  2 black bears
  An ice beast (D:7)
  16 wolves
  2 centaurs (D:7)
  12 bullfrogs
  4 scorpions
  14 wights
  A vampire bat (Lair:3)
  7 howler monkeys
  2 hounds
  2 jellies (D:5)
  A gnoll bouda (D:7)
  3 orc priests
  Jessica (D:3)
  2 sleepcaps (D:5)
  An iguana (D:5)
  4 orc wizards
  7 gnolls
  7 adders
  A white imp (D:7)
  An ufetubus (D:6)
  3 worms
  2 dart slugs
  29 orcs
  4 endoplasms
  5 giant cockroaches
  10 goblins
  9 hobgoblins
  3 jackals (D:2)
  3 quokkas
  7 ball pythons
  16 bats
  2 frilled lizards
  9 kobolds
  8 rats
308 creatures vanquished.

Notes
Turn   | Place    | Note
-------+----------+-------------------------------------------
     0 | D:1      | qw the Minotaur Hexslinger began the quest for the Orb.
     0 | D:1      | Reached XP level 1. HP: 16/16 MP: 1/1
     0 | D:1      | 0 ||| qw: Version: 0.3-a-24-ga2abf7b
     0 | D:1      | 0 ||| qw: Game counter: 6989
     0 | D:1      | 0 ||| qw: Melee chars always use a shield: true
     0 | D:1      | 0 ||| qw: God list: Okawaru
     0 | D:1      | 0 ||| qw: Allow faded altars: false
     0 | D:1      | 0 ||| qw: Do Orc after clearing Dungeon:15 true
     0 | D:1      | 0 ||| qw: Do second Lair branch before Depths: true
     0 | D:1      | 0 ||| qw: Lair rune preference: random
     0 | D:1      | 0 ||| qw: Goals: Normal
     0 | D:1      | 0 ||| PLANNING D:1-11
   229 | D:1      | Reached skill level 3 in Ranged Weapons
   229 | D:1      | Reached XP level 2. HP: 23/23 MP: 2/2
   405 | D:1      | 405 ||| FLEEEEING.
   406 | D:1      | 406 ||| FLEEEEING.
   410 | D:1      | 410 ||| FLEEEEING.
   411 | D:1      | 411 ||| FLEEEEING.
   412 | D:1      | 412 ||| FLEEEEING.
   674 | D:1      | Reached XP level 3. HP: 29/29 MP: 3/3
  1017 | D:1      | 1017 ||| UPGRADING to +0 leather armour.
  1027 | D:1      | 1027 ||| DROPPING +0 robe.
  1028 | D:1      | 1028 ||| UPGRADING to +1 pair of gloves.
  1033 | D:1      | 1033 ||| READING scroll labelled VEIVEL QESAVE.
  1034 | D:1      | 1034 ||| READING scroll labelled JAASYI ZUDGHI.
  1035 | D:1      | 1035 ||| DROPPING scroll of poison.
  1227 | D:2      | Reached skill level 4 in Ranged Weapons
  1512 | D:2      | 1512 ||| READING scroll labelled XESMEG CABIKAA.
  1513 | D:2      | 1513 ||| READING 2 scrolls of identify.
  1513 | D:2      | 1513 ||| IDENTIFYING fizzy blue potion
  1514 | D:2      | 1514 ||| DROPPING potion of berserk rage.
  1572 | D:3      | HP: 7/29 [poisoned by a kobold]
  1719 | D:3      | Reached XP level 4. HP: 36/36 MP: 4/4
  1951 | D:3      | Noticed Jessica
  1963 | D:3      | Killed Jessica
  1964 | D:3      | Reached skill level 5 in Ranged Weapons
  2107 | D:3      | Noticed Grinder
  2111 | D:3      | Paralysed by Grinder for 2 turns
  2124 | D:3      | HP: 7/36 [Grinder (6)]
  2127 | D:3      | Killed Grinder
  2128 | D:3      | Reached XP level 5. HP: 11/48 MP: 5/5
  2128 | D:3      | Reached XP level 6. HP: 12/56 MP: 6/6
  2285 | D:3      | Found a sparkling altar of Nemelex Xobeh.
  2452 | D:3      | 2452 ||| UPGRADING to +0 ring mail.
  2462 | D:3      | 2462 ||| DROPPING +0 leather armour.
  2463 | D:3      | 2463 ||| UPGRADING to amulet of faith.
  2468 | D:3      | 2468 ||| READING 2 scrolls labelled YXTOAF ZEGI.
  2473 | D:3      | 2473 ||| READING 2 scrolls of identify.
  2473 | D:3      | 2473 ||| IDENTIFYING smoky emerald potion
  2474 | D:3      | 2474 ||| DROPPING potion of lignification.
  2606 | D:4      | Reached skill level 1 in Armour
  3320 | D:4      | 3320 ||| UPGRADING to +0 leather armour of willpower.
  3330 | D:4      | 3330 ||| READING scroll labelled TANGOL VYQOV.
  3331 | D:4      | 3331 ||| DRINKING 2 fuming white potions.
  3332 | D:4      | 3332 ||| DRINKING 2 purple potions.
  3333 | D:4      | 3333 ||| READING 2 scrolls of identify.
  3333 | D:4      | 3333 ||| IDENTIFYING smoky brown potion
  3334 | D:4      | 3334 ||| DROPPING potion of attraction.
  3340 | D:5      | Entered Level 5 of the Dungeon
  3349 | D:5      | 3349 ||| STAIRDANCE
  3376 | D:5      | 3376 ||| STAIRDANCE
  3381 | D:4      | HP: 14/56 [poisoned by a scorpion]
  3382 | D:4      | 3382 ||| READING 2 scrolls of teleportation.
  3383 | D:4      | 3383 ||| DRINKING potion of heal wounds.
  3653 | D:5      | Reached skill level 6 in Ranged Weapons
  3834 | D:5      | Reached XP level 7. HP: 40/61 MP: 7/7
  3842 | D:5      | Reached skill level 7 in Ranged Weapons
  4438 | D:5      | 4438 ||| READING scroll labelled ZAINUDUEVVO.
  4438 | D:5      | Identified a scroll of acquirement
  4438 | D:5      | 4438 ||| ACQUIRING +5 triple crossbow of flaming
  4438 | D:5      | Acquired a +5 triple crossbow of flaming
  4440 | D:5      | 4440 ||| SWAPPING to +5 triple crossbow of flaming.
  4441 | D:5      | 4441 ||| DROPPING +1 sling.
  4442 | D:5      | 4442 ||| READING 2 scrolls of identify.
  4442 | D:5      | 4442 ||| IDENTIFYING murky purple potion
  4475 | D:6      | 4475 ||| FLEEEEING.
  4476 | D:6      | 4476 ||| STAIRDANCE
  4573 | D:6      | Reached skill level 8 in Ranged Weapons
  4646 | D:6      | Reached skill level 3 in Dodging
  4727 | D:6      | Reached XP level 8. HP: 69/69 MP: 8/8
  4774 | D:6      | Reached skill level 9 in Ranged Weapons
  4887 | D:6      | 4887 ||| UPGRADING to +6 ring of dexterity.
  4982 | D:7      | 4982 ||| FLEEEEING.
  4983 | D:7      | 4983 ||| FLEEEEING.
  4984 | D:7      | 4984 ||| FLEEEEING.
  5029 | D:7      | Reached skill level 6 in Fighting
  5198 | D:7      | 5198 ||| Stepping ~*~*~tactically~*~*~ (outnumbered).
  5200 | D:7      | Reached skill level 10 in Ranged Weapons
  5221 | D:7      | 5221 ||| FLEEEEING.
  5223 | D:7      | 5223 ||| FLEEEEING.
  5224 | D:7      | 5224 ||| FLEEEEING.
  5285 | D:7      | Found a staircase to the Ecumenical Temple.
  5286 | D:7      | 5286 ||| PLANNING TEMPLE
  5286 | D:7      | 5286 ||| UPGRADING to ring of willpower.
  5287 | D:7      | 5287 ||| READING 3 scrolls of identify.
  5287 | D:7      | 5287 ||| IDENTIFYING fuming ruby potion
  5288 | D:7      | 5288 ||| DROPPING potion of magic.
  5592 | D:7      | 5592 ||| READING scroll labelled CIURHUAVOY.
  5661 | D:6      | 5661 ||| STAIRDANCE
  5730 | D:7      | 5730 ||| Stepping randomly (stuck).
  5738 | Temple   | Entered the Ecumenical Temple
  5792 | Temple   | 5792 ||| PLANNING OKAWARU WORSHIP
  5860 | Temple   | Became a worshipper of Warmaster Okawaru
  5861 | Temple   | 5861 ||| PLANNING D:1-11
  5932 | D:6      | 5932 ||| Stepping randomly (stuck).
  6042 | D:8      | Reached XP level 9. HP: 79/79 MP: 9/9
  6161 | D:8      | Reached skill level 11 in Ranged Weapons
  6167 | D:8      | Reached * piety under Okawaru
  6168 | D:8      | 6168 ||| FLEEEEING.
  6202 | D:8      | Reached skill level 1 in Invocations
  6204 | D:8      | Reached skill level 6 in Dodging
  6205 | D:8      | 6205 ||| INVOKING Heroism.
  6520 | D:8      | Found an ancient bone altar of Kikubaaqudgha.
  6520 | D:8      | Found a white marble altar of Elyvilon.
  6584 | D:8      | Found a staircase to the Lair.
  6585 | D:8      | 6585 ||| INVOKING Heroism.
  6646 | D:8      | 6646 ||| PLANNING LAIR
  6646 | D:8      | 6646 ||| READING scroll labelled IRGHYQ NOXUOD.
  6791 | Lair:1   | Entered Level 1 of the Lair of Beasts
  6836 | Lair:1   | Noticed a cane toad
  6837 | Lair:1   | Reached skill level 3 in Invocations
  6837 | Lair:1   | 6837 ||| INVOKING Heroism.
  6838 | Lair:1   | Killed a cane toad
  6838 | Lair:1   | Noticed a cane toad
  6843 | Lair:1   | Reached ** piety under Okawaru
  6845 | Lair:1   | Killed a cane toad
  6846 | Lair:1   | Reached skill level 12 in Ranged Weapons
  6847 | Lair:1   | Reached XP level 10. HP: 86/86 MP: 9/12
  6950 | Lair:1   | Noticed a cane toad
  6951 | Lair:1   | 6951 ||| INVOKING Heroism.
  6955 | Lair:1   | Killed a cane toad
  6990 | Lair:1   | Noticed a cane toad
  6991 | Lair:1   | 6991 ||| INVOKING Heroism.
  6992 | Lair:1   | Killed a cane toad
  7049 | Lair:1   | Noticed qw's ghost (novice GrFi)
  7053 | Lair:1   | Found a runed translucent door.
  7131 | Lair:1   | Reached *** piety under Okawaru
  7153 | Lair:1   | 7153 ||| INVOKING Heroism.
  7298 | Lair:1   | Noticed a catoblepas
  7299 | Lair:1   | 7299 ||| INVOKING Heroism.
  7300 | Lair:1   | 7300 ||| Stepping ~*~*~tactically~*~*~ (cloud).
  7305 | Lair:1   | 7305 ||| Stepping ~*~*~tactically~*~*~ (cloud).
  7307 | Lair:1   | 7307 ||| Stepping ~*~*~tactically~*~*~ (cloud).
  7308 | Lair:1   | 7308 ||| Stepping ~*~*~tactically~*~*~ (cloud).
  7310 | Lair:1   | 7310 ||| Stepping ~*~*~tactically~*~*~ (cloud).
  7311 | Lair:1   | Killed a catoblepas
  7312 | Lair:1   | Reached skill level 13 in Ranged Weapons
  8660 | Lair:2   | Noticed a cane toad
  8661 | Lair:2   | 8661 ||| INVOKING Heroism.
  8665 | Lair:2   | Killed a cane toad
  8778 | Lair:2   | Reached skill level 9 in Fighting
  8785 | Lair:2   | Reached **** piety under Okawaru
  8835 | Lair:2   | 8835 ||| INVOKING Heroism.
  8839 | Lair:2   | Reached skill level 14 in Ranged Weapons
  8841 | Lair:2   | Reached XP level 11. HP: 97/97 MP: 11/13
  8846 | Lair:2   | 8846 ||| INVOKING Heroism.
  8965 | Lair:2   | 8965 ||| FLEEEEING.
  8966 | Lair:2   | 8966 ||| INVOKING Heroism.
  9057 | Lair:2   | Found a dark tunnel.
  9183 | Lair:2   | Found a staircase to the Swamp.
  9184 | Lair:2   | 9184 ||| INVOKING Heroism.
  9553 | Lair:2   | Reached skill level 6 in Invocations
  9566 | Lair:2   | 9566 ||| INVOKING Heroism.
  9662 | Lair:2   | 9662 ||| READING 3 scrolls of identify.
  9662 | Lair:2   | 9662 ||| IDENTIFYING blue potion
  9707 | Lair:3   | Reached ***** piety under Okawaru
  9722 | Lair:3   | 9722 ||| INVOKING Heroism.
  9771 | Lair:3   | Found a staircase to the Snake Pit.
  9779 | Lair:3   | 9779 ||| INVOKING Heroism.
  9824 | Lair:3   | 9824 ||| INVOKING Heroism.
  9869 | Lair:3   | Noticed Snorg
  9870 | Lair:3   | 9870 ||| INVOKING Heroism.
  9871 | Lair:3   | 9871 ||| INVOKING Finesse.
  9878 | Lair:3   | Killed Snorg
  9990 | Lair:3   | 9990 ||| INVOKING Heroism.
  9994 | Lair:3   | Reached skill level 15 in Ranged Weapons
 10290 | Lair:3   | Noticed a death yak
 10291 | Lair:3   | 10291 ||| INVOKING Heroism.
 10291 | Lair:3   | Noticed a death yak
 10292 | Lair:3   | 10292 ||| INVOKING Finesse.
 10293 | Lair:3   | Noticed a death yak
 10293 | Lair:3   | Noticed a death yak
 10294 | Lair:3   | Killed a death yak
 10294 | Lair:3   | Received a gift from Okawaru
 10294 | Lair:3   | Noticed a death yak
 10295 | Lair:3   | Reached XP level 12. HP: 106/106 MP: 9/17
 10299 | Lair:3   | Killed a death yak
 10299 | Lair:3   | Received a gift from Okawaru
 10302 | Lair:3   | Killed a death yak
 10303 | Lair:3   | Reached skill level 9 in Invocations
 10308 | Lair:3   | Killed a death yak
 10309 | Lair:3   | Reached skill level 9 in Dodging
 10309 | Lair:3   | Killed a death yak
 10652 | Lair:3   | 10652 ||| INVOKING Heroism.
 11201 | Lair:3   | 11201 ||| INVOKING Heroism.
 11261 | Lair:3   | Noticed Rupert
 11262 | Lair:3   | 11262 ||| INVOKING Heroism.
 11263 | Lair:3   | 11263 ||| INVOKING Finesse.
 11267 | Lair:3   | Killed Rupert
 11470 | Lair:3   | 11470 ||| DROPPING amulet of magic regeneration.
 11471 | Lair:3   | 11471 ||| READING scroll labelled NEFEMU AJANAI.
 11472 | Lair:3   | 11472 ||| READING 3 scrolls labelled MOYTTOIXIX.
 11473 | Lair:3   | 11473 ||| DROPPING 2 scrolls of summoning.
 11517 | Lair:4   | 11517 ||| PLANNING GAUNTLET
 11593 | Lair:4   | 11593 ||| INVOKING Heroism.
 11595 | Lair:4   | Reached skill level 16 in Ranged Weapons
 11597 | Lair:4   | Reached skill level 3 in Armour
 11600 | Lair:4   | 11600 ||| FLEEEEING.
 11601 | Lair:4   | 11601 ||| FLEEEEING.
 11602 | Lair:4   | 11602 ||| FLEEEEING.
 11603 | Lair:4   | 11603 ||| FLEEEEING.
 11847 | Lair:4   | Found a gate leading to a gauntlet.
 11855 | Gauntlet | Entered a Gauntlet
 11855 | Gauntlet | Found a transporter.
 11855 | Gauntlet | Found a transporter.
 11863 | Gauntlet | Found a transporter.
 11867 | Gauntlet | Found a transporter.
 11875 | Gauntlet | Found a transporter.
 11879 | Gauntlet | Found a transporter.
 11886 | Gauntlet | Found the +2 cloak of the Thief {*Fog Slay-2 SInv Stlth+}
 11887 | Gauntlet | Found a transporter.
 11903 | Gauntlet | Found a transporter.
 11911 | Gauntlet | Noticed a hell hog
 11920 | Gauntlet | Found a transporter.
 11921 | Gauntlet | Found a transporter.
 11929 | Gauntlet | Found a transporter.
 11933 | Gauntlet | Found a transporter.
 11979 | Gauntlet | 11979 ||| INVOKING Heroism.
 12077 | Gauntlet | 12077 ||| DRINKING 2 grey potions.
 12078 | Gauntlet | 12078 ||| DROPPING potion of invisibility.
 12100 | Gauntlet | 12100 ||| INVOKING Heroism.
 12118 | Gauntlet | 12118 ||| DROPPING ring of ice.
 12119 | Gauntlet | 12119 ||| UPGRADING to +4 ring of protection.
 12121 | Gauntlet | 12121 ||| DROPPING ring of willpower.
 12137 | Gauntlet | 12137 ||| INVOKING Finesse.
 12141 | Gauntlet | 12141 ||| INVOKING Heroism.
 12143 | Gauntlet | Killed a hell hog
 12190 | Gauntlet | 12190 ||| READING 2 scrolls of identify.
 12190 | Gauntlet | 12190 ||| IDENTIFYING fizzy orange potion
 12191 | Gauntlet | 12191 ||| DROPPING potion of brilliance.
 12197 | Gauntlet | Noticed a minotaur
 12198 | Gauntlet | 12198 ||| INVOKING Heroism.
 12200 | Gauntlet | 12200 ||| INVOKING Finesse.
 12217 | Gauntlet | Killed a minotaur
 12418 | Gauntlet | 12418 ||| DROPPING +0 ring mail.
 12419 | Gauntlet | 12419 ||| UPGRADING to +3 leather armour of fire
                  | resistance.
 12429 | Gauntlet | 12429 ||| DROPPING +0 leather armour of willpower.
 12430 | Gauntlet | 12430 ||| DROPPING +0 leather armour of cold resistance.
 12431 | Gauntlet | 12431 ||| UPGRADING to +5 ring of evasion.
 12433 | Gauntlet | 12433 ||| DROPPING ring of poison resistance.
 12434 | Gauntlet | 12434 ||| DROPPING +4 ring of protection.
 12449 | Lair:4   | 12449 ||| PLANNING LAIR
 12449 | Lair:4   | 12449 ||| INVOKING Heroism.
 12452 | Lair:4   | Received a gift from Okawaru
 12459 | Lair:4   | Reached XP level 13. HP: 116/116 MP: 19/19
 12497 | Lair:4   | 12497 ||| FLEEEEING.
 12499 | Lair:4   | 12499 ||| FLEEEEING.
 12501 | Lair:4   | 12501 ||| INVOKING Heroism.
 12517 | Lair:4   | 12517 ||| INVOKING Finesse.
 12521 | Lair:4   | Reached skill level 17 in Ranged Weapons
 12670 | Lair:4   | 12670 ||| INVOKING Heroism.
 13146 | Lair:5   | Entered Level 5 of the Lair of Beasts
 13147 | Lair:5   | 13147 ||| INVOKING Heroism.
 13153 | Lair:5   | 13153 ||| STAIRDANCE
 13158 | Lair:4   | HP: 15/116 [komodo dragon (26)]
 13158 | Lair:4   | HP: 6/116 [seven-headed hydra (9)]
 13158 | Lair:4   | Slain by a seven-headed hydra

Levels and vault maps discovered:
D:1:      dpeg_arrival_subterranean_lakeside_camping, layout_basic,
          st_stairs_11, minmay_pentomino_q2
D:2:      layout_rooms
D:3:      layout_basic, nemelex_spade_bored_becter, uniq_grinder, uniq_jessica
D:4:      layout_basic
D:5:      layout_loops_ring
D:6:      layout_rooms
D:7:      layout_basic, minmay_temple_entry_statues
D:8:      layout_loops_ring, chequers_temple_overflow_statue_of_worship,
          grunt_lair_entry_orc_guard_hut
Temple:   nicolae_temple_two_arcs
Lair:1:   layout_roguey, hellmonk_ghost_happy_afterlife, nicolae_lair_lil_pond,
          chequers_serial_rivers_micro_a
Lair:2:   layout_misc_corridors, minmay_swamp_entry_worms,
          nicolae_volcano_entry_lava_flow, portal_ice_cave_entry_pillars_2,
          serial_bayou_shore_a
Lair:3:   layout_layer_cave, minmay_snake_entry_guardpost_small,
          roderic_batcave, uniq_rupert, uniq_snorg
Lair:4:   layout_regular_city, gauntlet_entry_generic
Lair:5:   wormcave, layout_cellular_growth, minmay_slime_entry_pillars,
          grunt_megastairs_2, infiniplex_staircase_pool, uniq_urug

Skill      XL: |  1  2  3  4  5  6  7  8  9 10 11 12 13 |
---------------+----------------------------------------+-----
Ranged Weapons | 3 4 5 6 8 10 12 14 15 16 17 | 17.0
Fighting       | 2 5 7 9 10 11 | 11.1
Armour         | 1 2 3 |  3.1
Dodging        | 3 5 6 7 8 9 |  9.9
Invocations    | 4 8 10 | 10.1
Spellcasting   | |  1.0
Hexes          | |  2.0

Action                     |  1- 3 |  4- 6 |  7- 9 | 10-12 | 13-15 || total
---------------------------+-------+-------+-------+-------+-------++-------
   Fire: Sling             |   185 |   204 |    35 |       |       ||   424
         Triple crossbow   |       |       |   122 |   267 |    33 ||   422
 Invoke: Heroism           |       |       |     3 |    25 |     3 ||    31
         Finesse           |       |       |       |     5 |     1 ||     6
    Use: Scroll            |     4 |     5 |     5 |     4 |       ||    18
         Potion            |       |     3 |       |     1 |       ||     4
 Armour: Robe              |    16 |       |       |       |       ||    16
         Leather armour    |    10 |    24 |    14 |    19 |    11 ||    78
         Ring mail         |       |    13 |       |       |       ||    13
  Dodge: Dodged            |    63 |    78 |    61 |   164 |    92 ||   458

Table legend:
 A = Non-vault XP
 B = Vault XP
 C = Vault XP percentage of total XP
 D = Non-vault monster count
 E = Vault monster count
 F = Vault count percentage of total count
                 A         B        C        D         E       F
            +---------+---------+-------+---------+---------+-------
      Total |   32846 |   10024 |  23.4 |     261 |      47 |  15.3
            +---------+---------+-------+---------+---------+-------
        D:1 |      27 |      15 |  35.7 |      17 |      11 |  39.3
        D:2 |      49 |       0 |   0.0 |      25 |       0 |   0.0
        D:3 |      30 |     318 |  91.4 |      11 |       2 |  15.4
        D:4 |      75 |       0 |   0.0 |      21 |       0 |   0.0
        D:5 |     435 |       0 |   0.0 |      17 |       0 |   0.0
        D:6 |     595 |       0 |   0.0 |      16 |       0 |   0.0
        D:7 |    1250 |       0 |   0.0 |      29 |       0 |   0.0
        D:8 |     856 |     504 |  37.1 |      16 |       4 |  20.0
     Lair:1 |    4783 |       0 |   0.0 |      19 |       0 |   0.0
     Lair:2 |    4528 |     948 |  17.3 |      20 |       5 |  20.0
     Lair:3 |   12277 |    3250 |  20.9 |      38 |      13 |  25.5
     Lair:4 |    7585 |       0 |   0.0 |      29 |       0 |   0.0
     Lair:5 |     356 |       0 |   0.0 |       3 |       0 |   0.0
   Gauntlet |       0 |    4989 | 100.0 |       0 |      12 | 100.0
            +---------+---------+-------+---------+---------+-------
